 Dungeon Crawl Stone Soup version 0.18-a0-853-gfe32976 (webtiles) character file.

8949 Proton the Grappler (level 11, -9/59 HPs)
             Began as a Vine Stalker Monk on Dec 21, 2015.
             Was a Believer of Ru.
             Mangled by a red ugly thing (15 damage)
             ... on level 12 of the Dungeon.
             The game lasted 00:27:44 (7186 turns).

Proton the Grappler (Vine Stalker Monk)             Turns: 7186, Time: 00:27:44

Health: -9/59      AC: 18    Str: 16    XL:     11   Next: 38%
Magic:  0/20       EV: 14    Int: 15    God:    Ru [**....]
Gold:   395        SH:  0    Dex: 18    Spells: 0 memorised, 10 levels left

rFire  . . .     SeeInvis +       - Unarmed
rCold  + . .     Gourm    .     g - +0 chain mail
rNeg   . . .     Faith    .     (no shield)
rPois  .         Spirit   +     K - +3 hat of Pondering {ponderous, MR+ MP+10 Int+5}
rElec  .         Dismiss  .     p - +0 cloak
rCorr  .         Reflect  .     v - +0 pair of gloves
SustAt .         Harm     .     s - +1 pair of boots
MR     ++...     Rnd*Tele +     (no amulet)
Stlth  ..........               L - +3 ring of evasion
                                n - ring of protection from cold

@: no potions, slow, very resistant to hostile enchantments, extremely
unstealthy
A: fangs 3, see invisible, agile 1, low mp 1, regeneration 2, teleportitis 1,
weak 1, magic shield, antimagic bite, no device heal 3, rot immunity, inability
to drink while threatened, hated by all
a: Renounce Religion


You were on level 12 of the Dungeon.
You worshipped Ru.
Ru was pleased with you.
You were not hungry.

You visited 2 branches of the dungeon, and saw 14 of its levels.

You collected 494 gold pieces.
You spent 99 gold pieces at shops.

Inventory:

Armour
 g - a +0 chain mail (worn)
 p - a +0 cloak (worn)
 s - a +1 pair of boots (worn)
 v - a +0 pair of gloves (worn)
 K - the +3 hat of Pondering (worn) {ponderous, MR+ MP+10 Int+5}
   (You found it on level 9 of the Dungeon)

   It affects your intelligence (+5).
   It affects your resistance to hostile enchantments.
   It affects your magic capacity (+10).
Jewellery
 i - an uncursed ring of positive energy {unknown}
 n - a ring of protection from cold (left hand)
 B - an uncursed ring of protection from magic
 D - an uncursed ring of poison resistance
 L - a +3 ring of evasion (right hand)
Wands
 k - a wand of digging (18/24)
Scrolls
 a - 8 scrolls of remove curse
 c - 2 scrolls of recharging {unknown}
 h - 4 scrolls of immolation {unknown}
 j - a scroll of acquirement {unknown}
 o - 2 scrolls of silence {unknown}
 q - a scroll of amnesia {unknown}
 t - 3 scrolls of enchant armour {unknown}
 u - a scroll of fog {unknown}
 w - 3 scrolls of magic mapping {unknown}
 y - a scroll of fear
 H - a scroll of brand weapon
 P - a scroll of enchant weapon
 Q - a scroll of torment
Potions
 d - a potion of lignification
 e - a potion of cure mutation {unknown}
 l - 3 potions of haste
 m - 2 potions of agility
 F - a potion of berserk rage
 G - 5 potions of curing
 N - 2 potions of heal wounds
 O - 2 potions of might
Books
 f - a book of the Warp

   Spells                             Type                      Level
   a - Recall                         Summoning/Translocation      3
   b - Gell's Gravitas                Hexes/Translocation          3
   c - Force Lance                    Conjuration/Translocation    4
   d - Phase Shift                    Translocation                5
   e - Warp Weapon                    Charms/Translocation         5
   f - Summon Forest                  Summoning/Translocation      5
Comestibles
 b - 6 bread rations
 r - a slice of pizza


   Skills:
 + Level 7.7 Fighting
 + Level 6.1 Armour
 + Level 7.1 Dodging
 - Level 2.4 Stealth
 * Level 11.7 Unarmed Combat


You had 10 spell levels left.
You didn't know any spells.

Dungeon Overview and Level Annotations

Branches:
Dungeon (13/15)            Temple (1/1) D:6
   Lair: D:8-11         Orc: D:9-12      Vaults: D:13-14

Altars:
Ashenzari
Cheibriados
Dithmenos
Fedhas
Gozag
Kikubaaqudgha
Nemelex Xobeh
Pakellas
Qazlal
Ru
Sif Muna
Trog
Vehumet
Xom
Yredelemnul
Zin
The Shining One

Shops:
D:7 }(*[

Annotations:
D:2 Sigmund


Innate Abilities, Weirdness & Mutations

You have razor-sharp teeth.
You heal very quickly.
When hurt, damage is shared between your health and your magic reserves.
Your bite disrupts and absorbs the magic of your enemies.
Potions and wands cannot restore your health.
You are immune to rotting.
You cannot drink potions while threatened.
You are hated by all.
You have supernaturally acute eyesight.
You are agile. (Dex +2)
Your magical capacity is low (-10% MP).
You are occasionally teleported next to monsters.
You are weak. (Str -2)


Message History

You can drink potions again.
The red ugly thing headbutts you.
* * * LOW HITPOINT WARNING * * *
You are engulfed in flames!
You feel threatened and lose the ability to drink potions!
* * * LOW HITPOINT WARNING * * *
2 killer bees come into view.
The killer bee buzzes angrily.
The red ugly thing completely misses you.
A wasp comes into view.
You can drink potions again.
The red ugly thing headbutts you but does no damage.
Keep disrobing?
You start removing your armour.
You continue taking off the +3 hat of Pondering {ponderous, MR+ MP+10 Int+5}.
The red ugly thing headbutts you.
* * * LOW HITPOINT WARNING * * *
You are engulfed in flames!!
You feel threatened and lose the ability to drink potions!
You die...

######### (........ #......y#
####.## #.......# (........
#.......# !.......# .. #.......#
........#
..######......>#####.....C...#
...............u@......O.....#
.........#####C#####.........####
#........# #.# #.........CO..
#........# #C# #.#######.####
#........# #.# #.# #.#
#.....<..#####y# #.# #.#
#......y.y.C.Yy# #.# #.#
#.#####.######.#####.#######.####
#(# #.[.................


You could see a red ugly thing, a hill giant and an ogre.

Vanquished Creatures
  Josephine (D:10)
  2 deep elf magi
  A gargoyle (D:11)
  2 centaur skeletons
  3 trolls
  The ghost of Herrn the Shield-Bearer, an amateur FoFi (D:4)
  Grinder (D:4)
  2 trapdoor spiders
  5 wraiths (D:10)
  9 yaks
  A hippogriff (D:10)
  2 hungry ghosts
  A soldier ant (D:5)
  A sky beast (D:6)
  2 ice beasts
  2 orc warriors
  An ogre (D:9)
  A centaur (D:8)
  5 big kobolds
  4 giant frogs
  A killer bee (D:5)
  4 scorpions
  6 crimson imps
  4 hounds
  A centaur zombie (D:6)
  2 orc wizards (D:6)
  A jelly (D:6)
  6 giant frog skeletons
  2 iguanas
  13 worker ants
  3 gnolls (D:6)
  12 adders
  A shadow imp (D:5)
  An ooze (D:2)
  3 adder skeletons
  5 worms
  5 giant geckos
  13 orcs
  3 ball pythons
  11 bats
  11 giant cockroaches
  4 goblins
  9 hobgoblins
  8 jackals (D:2)
  28 kobolds
  5 giant newts
  A jackal skeleton (D:7)
  A jackal zombie (D:7)
  4 quokkas
  4 rats
  A butterfly (D:5)
220 creatures vanquished.

Vanquished Creatures (others)
  A water moccasin (D:8)
  2 centaurs (D:6)
  A worker ant (D:6)
4 creatures vanquished.

Grand Total: 224 creatures vanquished

Notes
Turn   | Place    | Note
--------------------------------------------------------------
     0 | D:1      | Proton the Vine Stalker Monk began the quest for the Orb.
     0 | D:1      | Reached XP level 1. HP: 11/11 MP: 2/2
   120 | D:1      | Reached XP level 2. HP: 14/16 MP: 3/3
   651 | D:2      | Reached XP level 3. HP: 19/19 MP: 4/4
   652 | D:2      | Found a shadowy altar of Dithmenos.
   756 | D:2      | Reached XP level 4. HP: 16/24 MP: 3/5
   773 | D:2      | Found a faded altar to an unknown god.
   913 | D:2      | Found an oddly glowing altar of Pakellas.
   935 | D:2      | Noticed Sigmund
  1460 | D:2      | Reached skill level 1 in Armour
  1460 | D:2      | Reached skill level 5 in Unarmed Combat
  1846 | D:4      | Noticed Grinder
  1912 | D:4      | Killed Grinder
  1912 | D:4      | Reached XP level 5. HP: 21/28 MP: 6/6
  1912 | D:4      | Gained mutation: You heal very quickly. [Vine Stalker growth]
  1912 | D:4      | Reached XP level 6. HP: 24/32 MP: 7/7
  2158 | D:4      | Noticed Herrn's ghost (amateur FoFi)
  2245 | D:4      | Reached skill level 6 in Unarmed Combat
  2289 | D:5      | Entered Level 5 of the Dungeon
  2310 | D:5      | Reached XP level 7. HP: 37/37 MP: 6/8
  2533 | D:5      | Found an opulent altar of Gozag.
  2815 | D:5      | Found a runed door.
  2831 | D:5      | Found a runed door.
  2974 | D:5      | HP: 2/55 [poisoned by a soldier ant]
  2985 | D:5      | HP: 1/37 [poisoned by a soldier ant]
  2990 | D:5      | HP: 1/37 [poisoned by a soldier ant]
  2995 | D:5      | HP: 1/37 [poisoned by a soldier ant]
  3191 | D:5      | Gained mutation: You have razor-sharp teeth. [Vine Stalker growth]
  3191 | D:5      | Reached XP level 8. HP: 40/42 MP: 9/9
  3244 | D:5      | Reached skill level 7 in Unarmed Combat
  3347 | D:4      | Killed Herrn's ghost
  3667 | D:6      | Reached skill level 5 in Fighting
  3787 | D:6      | Reached skill level 8 in Unarmed Combat
  3793 | D:6      | Found a shimmering altar of Xom.
  3811 | D:6      | Reached XP level 9. HP: 33/47 MP: 10/10
  3822 | D:6      | Found a basalt altar of Yredelemnul.
  3867 | D:6      | Gained mutation: You have supernaturally acute eyesight. [mutagenic meat]
  3868 | D:6      | Gained mutation: You are agile. (Dex +2) [mutagenic meat]
  3869 | D:6      | Gained mutation: Your magical capacity is low (-10% MP). [mutagenic meat]
  3870 | D:6      | Gained mutation: You are occasionally teleported next to monsters. [mutagenic meat]
  3910 | D:6      | Reached skill level 5 in Dodging
  4222 | D:6      | Found a staircase to the Ecumenical Temple.
  4227 | Temple   | Entered the Ecumenical Temple
  4290 | Temple   | Became a worshipper of Ru the Awakened
  4300 | Temple   | Gained mutation: You cannot drink potions while threatened. [Ru sacrifice]
  4300 | Temple   | Reached * piety under Ru
  4369 | D:7      | Found a bloodstained altar of Trog.
  4369 | D:7      | Found Zukoom's Gadget Emporium.
  4432 | D:7      | Found Sygiaz's Weapon Shop.
  4446 | D:7      | Found Loeruss's Armour Boutique.
  4470 | D:7      | Found Lanuo's General Store.
  4478 | D:7      | Bought 3 scrolls of teleportation for 99 gold pieces
  5183 | D:8      | Reached skill level 9 in Unarmed Combat
  5350 | D:8      | Found a sparkling altar of Nemelex Xobeh.
  5987 | D:9      | Reached XP level 10. HP: 53/53 MP: 10/10
  6010 | D:9      | Gained mutation: You are hated by all. [Ru sacrifice]
  6010 | D:9      | Reached ** piety under Ru
  6057 | D:9      | Reached skill level 10 in Unarmed Combat
  6111 | D:9      | Noticed a deep elf mage
  6116 | D:10     | Entered Level 10 of the Dungeon
  6168 | D:9      | Killed a deep elf mage
  6168 | D:9      | Reached skill level 5 in Armour
  6208 | D:9      | You fall through a shaft for 2 floors!
  6208 | D:11     | Noticed a hill giant
  6215 | D:11     | Noticed an unseen horror
  6216 | D:11     | Noticed a red ugly thing
  6219 | D:11     | Noticed a hill giant
  6231 | D:12     | Found a sparkling altar of Nemelex Xobeh.
  6237 | D:12     | Noticed a deep elf mage
  6253 | D:13     | Noticed a centaur warrior
  6275 | D:13     | Noticed a tengu warrior
  6510 | D:10     | Noticed Josephine
  6543 | D:10     | Killed Josephine
  6551 | D:10     | Reached skill level 11 in Unarmed Combat
  6576 | D:10     | Reached XP level 11. HP: 49/58 MP: 10/10
  6723 | D:9      | You fall through a shaft for 3 floors!
  6730 | D:12     | Killed a deep elf mage
  6817 | D:12     | Noticed a hill giant
  6827 | D:11     | Noticed a hill giant
  6874 | D:11     | Gained mutation: You are weak. (Str -2) [potion of mutation]
  7177 | D:12     | HP: 1/59 [red ugly thing (11)]
  7186 | D:12     | Mangled by a red ugly thing

Vault maps used:
D:1:      dpeg_arrival_simpleton_b
D:2:      grunt_dithmenos_smoke_and_mirrors, grunt_pakellas_basics,
          ecumenical_altar_1, uniq_sigmund
D:4:      first_bread, lemuel_flame_loot_1, uniq_grinder
D:5:      lemuel_insect_pit, kennysheep_little_box
D:6:      kennysheep_mini_moat, temple_doors_a, xom_confusion_cloud
D:7:      lemuel_ice_spiral_2, serial_co_window_serial, co_window_paths_b,
          co_window_paths_b, co_window_corner_a, co_window_paths_a,
          co_window_corner_a, co_window_broadway_c, co_window_2corner,
          co_window_2corner, co_window_4corner_a, glass_columns_a,
          glass_columns_b, serial_shops, nicolae_shop_stone,
          nicolae_shop_waterfront, nicolae_shop_trees, shop, basic_altar
D:8:      lemuel_doored_altar
D:9:      gammafunk_temple_overflow_claw
D:10:     david_orc_4, serial_shops, shop, uniq_josephine
D:11:     wad_cavern_with_rooms
D:12:     basic_altar
Temple:   triangle_lava_temple_12

Action                   |  1- 3 |  4- 6 |  7- 9 | 10-12 || total
-------------------------+-------+-------+-------+-------++-------
Melee: Unarmed           |   125 |   203 |   463 |   246 ||  1037
Invok: Sacrifice Drink   |       |       |     1 |       ||     1
       Sacrifice Love    |       |       |       |     1 ||     1
  Use: Potion            |       |       |     7 |     1 ||     8
       Scroll            |       |       |       |    15 ||    15
 Stab: Sleeping          |     3 |       |       |       ||     3
       Distracted        |       |     1 |       |     1 ||     2
  Eat: Bread ration      |       |     1 |     1 |       ||     2
       Beef jerky        |       |       |     4 |       ||     4
       Royal jelly       |       |       |     1 |       ||     1
       Meat ration       |       |       |     2 |     1 ||     3
       Chunk             |       |       |     4 |       ||     4
       Pizza             |       |       |     1 |       ||     1
